Map: 빠른무한 2014

Players

어류사망 - Winner!

  • Race: Terran Terran

ILLBdA - Winner!

  • Race: Zerg Zerg
  • League: Diamond

Player 3

  • Race: Terran Terran

Player 4

  • Race: Protoss Protoss

Player 5

  • Race: Zerg Zerg

Player 6

  • Race: Zerg Zerg

Player 7 - Winner!

  • Race: Protoss Protoss

Player 8 - Winner!

  • Race: Protoss Protoss

VOD

Have the link to the VOD?

Description

Time

  • Played on: Jan. 3, 2016, 5:52 p.m.
  • Length: 7:21
Show
View Real Time Build Order
Export as new Build Order

어류사망 Terran - Winner!

Build Orders: MMM Bio 

Get SALT Encoding   

  6  0:14  Supply Depot  
  6  1:00  Barracks  
  6  1:20  Engineering Bay  
  6  2:22  Marine  
  6  2:25  Refinery  
  7  2:47  Marine  
  8  3:12  Marine  
  9  3:25  SCV  
  10  3:36  Marine  
  11  3:41  SCV  
  12  4:01  Marine  
  12  4:07  Bunker  
  13  4:26  Marine  
  13  4:28  Factory  
  14  5:09  Ghost Academy  
  14  5:39  Barracks Tech Lab  
  14  5:44  Factory Tech Lab  
  14  5:47  Stimpack, Concussive Shells  
  14  6:04  Missile Turret  
  14  6:06  Personal Cloaking  
  14  6:10  Siege Tank  
  14  6:16  Ghost  
  19  6:24  Terran Infantry Weapons Level 1  
  19  6:34  Supply Depot  
  19  6:43  Planetary Fortress  
  19  6:55  Siege Tank  
  19  6:56  Marauder  
  24  7:33  Infernal Pre-Igniter  
  24  7:40  Siege Tank  
  27  8:02  Combat Shields  
  27  8:03  Unknown  
  27  8:25  Siege Tank  
  30  9:06  Unknown  
Show
View Real Time Build Order
Export as new Build Order

ILLBdA Zerg - Winner!

Build Orders: Hatch First 

Get SALT Encoding   

  6  0:03  Drone x3  
  9  0:15  Hatchery x2  
  9  0:18  Hatchery  
  9  0:19  Hatchery x2, Drone  
  5  0:31  Hatchery  
  5  0:32  Hatchery  
  5  0:33  Spawning Pool  
  5  0:34  Hatchery  
  1  0:40  Drone  
  2  0:51  Drone  
  3  1:15  Drone  
  4  1:22  Drone  
  5  1:35  Drone  
  5  1:39  Queen  
  8  1:47  Extractor  
  8  1:49  Drone  
  8  1:56  Drone  
  8  1:59  Drone  
  10  2:01  Drone x2  
  10  2:04  Drone  
  10  2:09  Queen x3  
  19  2:10  Queen  
  19  2:12  Queen x2  
  19  2:14  Drone x4  
  29  2:21  Queen  
  29  2:24  Drone x4  
  29  2:27  Drone x2  
  29  2:29  Lair  
  37  2:43  Evolution Chamber  
  37  2:44  Evolution Chamber, Drone x7  
  37  2:45  Drone x3  
  37  2:48  Hatchery  
  44  2:52  Hatchery x2  
  44  2:53  Hatchery  
  41  3:07  Drone x8  
  41  3:08  Drone x3  
  52  3:18  Baneling Nest  
  52  3:19  Metabolic Boost  
  51  3:22  Roach Warren  
  51  3:26  Overlord x9  
  51  3:27  Overlord x3  
  50  3:43  Drone x6  
  50  3:44  Drone x2  
  58  4:00  Hatchery  
  58  4:02  Hatchery x3  
  58  4:04  Hatchery  
  58  4:05  Hatchery  
  58  4:07  Hatchery  
  51  4:12  Zerg Melee Weapons Level 1  
  51  4:13  Zerg Missile Weapons Level 1, Infestation Pit  
  51  4:19  Glial Reconstitution  
  50  4:20  Centrifical Hooks  
  50  4:22  Roach  
  50  4:23  Evolution Chamber, Roach x21  
  50  4:24  Roach x19  
  131  4:36  Pneumatized Carapace  
  131  4:55  Overseer  
  131  5:03  Hive  
  131  5:08  Roach  
  131  5:09  Roach x22  
  32  5:10  Roach x14  
  240  5:27  Zerg Ground Armor Level 1  
  246  5:34  Infestor x5  
  246  5:35  Infestor x23  
  302  6:07  Zergling x12  
  302  6:08  Zergling x44  
  330  6:38  Zergling x2  
  330  6:39  Zergling x44  
  353  6:40  Zergling x34  
  370  7:18  Ultralisk Cavern  
  369  7:21  Viper  
  369  7:22  Viper x17  
  369  7:23  Viper x19  
  480  7:32  Baneling x15  
  480  7:33  Baneling x29  
  480  7:34  Baneling x25  
  480  7:46  Viper  
  480  7:47  Viper x15  
  509  8:17  Viper  
  509  8:18  Viper x5  
  526  8:56  Overlord  
  526  8:57  Overlord x21  
Show
View Real Time Build Order
Export as new Build Order

Player 3 Terran 

Build Orders:  

Get SALT Encoding   

  6  0:00  SCV  
  6  0:08  Supply Depot  
  7  0:12  Refinery  
  7  0:15  Supply Depot  
  7  0:16  SCV  
  8  0:32  SCV  
  9  0:43  Barracks  
  9  0:48  SCV  
  10  1:04  SCV  
  11  1:20  SCV  
  12  1:36  SCV  
  13  1:49  Marine  
  14  1:52  SCV  
  15  2:09  Orbital Command  
  15  2:36  Marine  
  16  3:23  Marine  
  17  8:12  Marine  
  18  8:22  Factory  
  18  8:37  SCV  
Show
View Real Time Build Order
Export as new Build Order

Player 4 Protoss 

Build Orders:  

Get SALT Encoding   

  6  0:01  Probe (Chrono Boost)  
  6  0:09  Pylon  
  7  0:15  Assimilator  
  7  0:16  Probe (Chrono Boost)  
  8  0:20  Pylon  
  8  0:31  Probe (Chrono Boost)  
  9  0:44  Gateway  
  9  0:46  Probe (Chrono Boost)  
  10  1:01  Probe (Chrono Boost)  
  11  1:15  Probe (Chrono Boost)  
  12  1:30  Probe (Chrono Boost)  
  13  1:45  Probe (Chrono Boost)  
  14  1:54  Cybernetics Core  
  14  2:27  Warp Gate  
  14  2:46  Stalker  
  16  6:26  Stalker  
  16  6:33  Probe (Chrono Boost)  
Show
View Real Time Build Order
Export as new Build Order

Player 5 Zerg 

Build Orders: Pool Only 

Get SALT Encoding   

  6  0:02  Drone  
  6  0:04  Overlord  
  6  0:06  Overlord  
  6  0:09  Spawning Pool  
  6  0:12  Extractor  
  6  0:17  Drone  
  6  0:32  Drone  
  7  0:47  Drone  
  8  1:02  Drone  
  9  1:16  Queen  
  9  1:17  Drone  
  12  1:22  Roach Warren  
  11  1:32  Drone  
  12  1:47  Zergling x2  
  13  2:02  Drone  
  14  2:17  Drone  
  15  2:32  Drone  
  16  2:47  Drone  
  16  2:49  Zergling x2  
  18  3:15  Zergling x2  
  19  6:29  Zergling x2  
  18  7:10  Zergling x2  
  18  7:39  Zergling x2  
  19  8:23  Zergling x2  
  19  8:41  Drone  
  18  8:52  Drone  
  19  9:04  Drone  
  19  9:06  Spawning Pool  
  19  9:07  Roach  
  19  9:15  Drone  
  19  9:26  Drone  
  16  9:36  Drone  
Show
View Real Time Build Order
Export as new Build Order

Player 6 Zerg 

Build Orders: Pool Only 

Get SALT Encoding   

  6  0:02  Drone  
  6  0:05  Overlord  
  6  0:06  Overlord  
  7  0:10  Spawning Pool  
  7  0:14  Extractor  
  7  0:17  Drone  
  6  0:32  Drone  
  7  0:47  Drone  
  8  1:02  Drone  
  9  1:17  Drone  
  9  1:18  Queen  
  12  1:21  Roach Warren  
  11  1:32  Drone  
  12  1:47  Zergling x2  
  13  2:02  Drone  
  14  2:17  Drone  
  15  2:32  Drone  
  16  2:47  Zergling x2  
  17  2:50  Drone  
  18  3:11  Zergling x2  
  19  5:31  Zergling x2  
Show
View Real Time Build Order
Export as new Build Order

Player 7 Protoss - Winner!

Build Orders:  

Get SALT Encoding   

  6  0:01  Probe (Chrono Boost)  
  6  0:09  Pylon  
  7  0:14  Assimilator  
  7  0:16  Probe (Chrono Boost)  
  7  0:19  Pylon  
  8  0:31  Probe (Chrono Boost)  
  9  0:45  Gateway  
  9  0:46  Probe (Chrono Boost)  
  10  1:00  Probe (Chrono Boost)  
  11  1:15  Probe (Chrono Boost)  
  12  1:30  Probe (Chrono Boost)  
  13  1:45  Probe (Chrono Boost)  
  14  1:54  Cybernetics Core  
  14  2:26  Warp Gate  
  14  2:44  Stalker  
  16  6:00  Probe (Chrono Boost)  
  16  6:51  Zealot  
  18  7:01  Robotics Facility  
  18  7:12  Pylon  
  16  8:06  Observer  
  17  8:10  Stalker  
  19  8:33  Observer  
Show
View Real Time Build Order
Export as new Build Order

Player 8 Protoss - Winner!

Build Orders:  

Get SALT Encoding   

  6  0:02  Probe (Chrono Boost)  
  6  0:09  Pylon  
  7  0:16  Probe (Chrono Boost), Assimilator  
  8  0:21  Pylon  
  8  0:31  Probe (Chrono Boost)  
  9  0:46  Probe (Chrono Boost), Gateway  
  10  1:01  Probe (Chrono Boost)  
  11  1:15  Probe (Chrono Boost)  
  12  1:30  Probe (Chrono Boost)  
  13  1:45  Probe (Chrono Boost)  
  14  1:57  Cybernetics Core  
  16  2:30  Warp Gate  
  14  2:48  Stalker  
  16  7:41  Zealot  
  16  7:49  Robotics Facility  
  18  7:56  Pylon  
  18  8:52  Observer  
  19  9:00  Zealot  
  21  9:20  Observer  
Tags
 
Add a new tag
Caveats
  • Supply blocks, unpowered buildings, or Contaminate may cause inaccurate times.
  • Supply counts are checked every 10 seconds.